 Dungeon Crawl Stone Soup version 0.31-a0-255-g9c3d1c461a (webtiles) character file.

Game seed: 9613452687199369393

114 qw the Shooter (level 4, -3/36 HPs)
             Began as a Minotaur Hexslinger on July 12, 2023.
             Slain by Duvessa
             ... wielding a +0 short sword
              (8 damage)
             ... on level 4 of the Dungeon.
             The game lasted 00:00:50 (2715 turns).

qw the Shooter (Minotaur Hexslinger)                Turns: 2715, Time: 00:00:51

Health: -3/36      AC:  5    Str: 13    XL:     4   Next: 67%
Magic:  4/4        EV: 11    Int: 10    God:
Gold:   156        SH:  0    Dex: 14    Spells: 4/5 levels left

rFire   . . .        Y - +2 sling
rCold   . . .        (no shield)
rNeg    + . .        e - +0 ring mail
rPois   .            (helmet restricted)
rElec   .            (no cloak)
rCorr   .            (no gloves)
SInv    .            (no boots)
Will    .....        (no amulet)
Stlth   +            d - ring of positive energy
HPRegen 0.26/turn    (no ring)
MPRegen 0.09/turn

%: no passive effects
@: no status effects
A: horns 2, retaliatory headbutt
a: no special abilities


You were on level 4 of the Dungeon.
You visited 1 branch of the dungeon, and saw 4 of its levels.

You collected 156 gold pieces.


Innate Abilities, Weirdness & Mutations

You have a pair of horns on your head.
You reflexively headbutt those who attack you in melee.


   Skills:
 + Level 2.0 Fighting
 - Level 5.1 Ranged Weapons
 - Level 1.1 Armour
 - Level 2.1 Dodging
 - Level 1.0 Spellcasting
 - Level 2.0 Hexes


You had 4 spell levels left.
You knew the following spells:

 Your Spells              Type           Power      Damage    Failure   Level
a - Slow                  Hex            16%        N/A       32%         1

Your spell library contained the following spells:

 Spells                   Type           Power      Damage    Failure   Level
 Inner Flame              Hex/Fire       2%         N/A       82%         3
 Portal Projectile        Hex/Tloc       4%         N/A       82%         3
 Cause Fear               Hex            2%         N/A       97%         4

Inventory:

Hand Weapons
 Y - a +2 sling (weapon)
Armour
 e - a +0 ring mail (worn)
Jewellery
 d - a ring of positive energy (left hand)
Wands
 h - a wand of digging (3)
Scrolls
 b - a scroll of teleportation
 i - a scroll of identify
Potions
 c - a potion of heal wounds
 f - a potion of curing {unknown}
 g - a potion of haste {unknown}
 j - a potion of might {unknown}

Dungeon Overview and Level Annotations

Branches:
Dungeon (4/15)
 Temple: D:4-7

Altars:
Vehumet

Annotations:
D:4 Duvessa


Message History

You shoot a sling bullet. The sling bullet hits the quokka!
You kill the quokka!
You open the door.
A ball python comes into view.
The ball python hisses angrily.
The ball python moves out of view.
An adder comes into view.
Duvessa, Sister of Dowan comes into view.
She is wielding a +0 short sword.
You shoot a sling bullet. The adder hisses angrily.
The sling bullet hits the ball python.
The ball python is moderately wounded.
You shoot a sling bullet. The sling bullet hits the ball python.
You kill the ball python!
You shoot a sling bullet. The sling bullet hits the adder!
The adder is severely wounded.
You shoot a sling bullet.
The sling bullet closely misses the adder.
The sling bullet hits Duvessa but does no damage.
The adder barely misses you.
You shoot a sling bullet. The sling bullet hits the adder.
You kill the adder!
Your Ranged Weapons skill increases to level 5!
You shoot a sling bullet.
The sling bullet closely misses Duvessa.
Duvessa hits you with a +0 short sword!
You shoot a sling bullet. The sling bullet barely misses Duvessa.
Duvessa hits you with a +0 short sword. Duvessa hits you but does no damage.
You shoot a sling bullet. The sling bullet barely misses Duvessa.
Duvessa barely misses you.
You shoot a sling bullet.
The sling bullet hits Duvessa but does no damage.
Duvessa hits you with a +0 short sword!
You shoot a sling bullet.
The sling bullet hits Duvessa but does no damage.
Duvessa closely misses you.
You shoot a sling bullet. The sling bullet hits Duvessa.
Duvessa is lightly wounded.
Duvessa hits you with a +0 short sword! x2
You die...

#.# .. #.#
... #.# ....
#.# .....
#####<#......
#>....%......
#....###.####
#####....###
..
#......@...#
...
##.####e##.#
.. # ....#.#
. ...#..#.#
#####..#.#
.....# #..###
#..#


You could see Duvessa.

Vanquished Creatures
  An orc wizard (D:3)
  2 adders
  2 worms
  A dart slug (D:2)
  4 orcs (D:3)
  7 ball pythons
  2 endoplasms (D:1)
  5 giant cockroaches
  5 hobgoblins
  3 jackals (D:2)
  7 kobolds
  3 quokkas
  2 bats
  3 frilled lizards
  5 goblins
  4 rats
56 creatures vanquished.

Notes
Turn   | Place    | Note
-------+----------+-------------------------------------------
     0 | D:1      | qw the Minotaur Hexslinger began the quest for the Orb.
     0 | D:1      | Reached XP level 1. HP: 16/16 MP: 1/1
     0 | D:1      | 0 ||| qw: Version: 0.3-a-52-g30416fa
     0 | D:1      | 0 ||| qw: Game counter: 6703
     0 | D:1      | 0 ||| qw: Melee chars always use a shield: true
     0 | D:1      | 0 ||| qw: God list: Okawaru
     0 | D:1      | 0 ||| qw: Allow faded altars: false
     0 | D:1      | 0 ||| qw: Do Orc after clearing Dungeon:15 true
     0 | D:1      | 0 ||| qw: Do second Lair branch before Depths: true
     0 | D:1      | 0 ||| qw: Lair rune preference: random
     0 | D:1      | 0 ||| qw: Goals: Normal
     0 | D:1      | 0 ||| PLANNING D:1-11
   162 | D:1      | HP: 4/16 [poisoned by a kobold]
   322 | D:1      | Reached skill level 3 in Ranged Weapons
   322 | D:1      | Reached XP level 2. HP: 23/23 MP: 2/2
   956 | D:1      | 956 ||| UPGRADING to +0 ring mail.
   966 | D:1      | 966 ||| DROPPING +0 robe.
   967 | D:1      | 967 ||| UPGRADING to ring of positive energy.
   968 | D:1      | 968 ||| READING scroll labelled MUYRUR CATAN.
   969 | D:1      | 969 ||| READING scroll labelled UFYEBLA EDACRO.
   970 | D:1      | 970 ||| DRINKING 2 fizzy white potions.
   971 | D:1      | 971 ||| DROPPING scroll of poison.
   972 | D:1      | 972 ||| DROPPING potion of brilliance.
  1082 | D:2      | Reached XP level 3. HP: 29/29 MP: 3/3
  1304 | D:2      | Reached skill level 4 in Ranged Weapons
  1742 | D:2      | 1742 ||| READING 2 scrolls labelled KIOPAF MYTU.
  1747 | D:2      | 1747 ||| READING scroll labelled BEP FOZODOPTAU.
  1783 | D:3      | Found a radiant altar of Vehumet.
  1832 | D:3      | 1832 ||| FLEEEEING.
  1833 | D:3      | 1833 ||| FLEEEEING.
  1836 | D:3      | 1836 ||| FLEEEEING.
  1837 | D:3      | 1837 ||| FLEEEEING.
  1838 | D:3      | 1838 ||| FLEEEEING.
  1839 | D:3      | 1839 ||| FLEEEEING.
  1840 | D:3      | 1840 ||| FLEEEEING.
  1841 | D:3      | 1841 ||| FLEEEEING.
  1854 | D:3      | Reached skill level 1 in Armour
  1856 | D:3      | Reached XP level 4. HP: 27/36 MP: 4/4
  2637 | D:3      | 2637 ||| READING 3 scrolls of identify.
  2637 | D:3      | 2637 ||| IDENTIFYING cyan potion
  2638 | D:3      | 2638 ||| READING 2 scrolls of identify.
  2638 | D:3      | 2638 ||| IDENTIFYING coppery potion
  2639 | D:3      | 2639 ||| DROPPING potion of magic.
  2704 | D:4      | Noticed Duvessa
  2710 | D:4      | Reached skill level 5 in Ranged Weapons
  2715 | D:4      | HP: 5/36 [Duvessa/+0 short sword (8)]
  2715 | D:4      | Slain by Duvessa

Levels and vault maps discovered:
D:1:      dpeg_arrival_ternary, layout_basic
D:2:      layout_basic, minmay_misc_feat_diagonals
D:3:      layout_loops_corners, mainiacjoe_overflow_tiny_flanked
D:4:      layout_basic, nicolae_kikubaaqudgha_miasma_corner, temple_statues,
          uniq_grinder, uniq_duvessa, uniq_menkaure, uniq_robin

Skill      XL: |  1  2  3  4 |
---------------+-------------+-----
Ranged Weapons | 3 4 5 |  5.1
Fighting       | 2 |  2.0
Armour         | 1 |  1.1
Dodging        | |  2.1
Spellcasting   | |  1.0
Hexes          | |  2.0

Action                     |  1- 3 |  4- 6 || total
---------------------------+-------+-------++-------
   Fire: Sling             |   129 |    53 ||   182
    Use: Scroll            |     4 |     2 ||     6
         Potion            |     1 |       ||     1
 Armour: Robe              |     3 |       ||     3
         Ring mail         |    17 |    11 ||    28
  Dodge: Dodged            |    47 |     9 ||    56

Table legend:
 A = Non-vault XP
 B = Vault XP
 C = Vault XP percentage of total XP
 D = Non-vault monster count
 E = Vault monster count
 F = Vault count percentage of total count
                 A         B        C        D         E       F
            +---------+---------+-------+---------+---------+-------
      Total |     164 |       0 |   0.0 |      56 |       0 |   0.0
            +---------+---------+-------+---------+---------+-------
        D:1 |      38 |       0 |   0.0 |      23 |       0 |   0.0
        D:2 |      45 |       0 |   0.0 |      17 |       0 |   0.0
        D:3 |      64 |       0 |   0.0 |      13 |       0 |   0.0
        D:4 |      17 |       0 |   0.0 |       3 |       0 |   0.0
            +---------+---------+-------+---------+---------+-------
